 Dungeon Crawl Stone Soup version 0.24.0-2-g5b39cebb1c (webtiles) character file.

Game seed: 17664207349839640122, levelgen mode: deterministic

47 Monsterracer the Skirmisher (level 3, 24/24 HPs)
             Began as a Gargoyle Monk on Oct 31, 2019.
             Quit the game on level 2 of the Dungeon.
             The game lasted 00:00:55 (915 turns).

Monsterracer the Skirmisher (Gargoyle Monk)          Turns: 915, Time: 00:00:55

Health: 24/24      AC:  9    Str: 15    XL:     3   Next: 70%
Magic:  3/3        EV: 10    Int: 10    God:
Gold:   50         SH:  0    Dex: 12    Spells: 2/2 levels left

rFire    . . .     SeeInvis .   a - +0 mace
rCold    . . .     Gourm    .   (no shield)
rNeg     + + .     Faith    .   k - +0 scale mail
rPois    ∞         Spirit   .   (no helmet)
rElec    +         Reflect  .   (no cloak)
rCorr    .         Harm     .   (no gloves)
MR       .....     Rnd*Tele +   (no boots)
Stlth    +.........             (no amulet)
HPRegen  0.08/turn              d - ring of positive energy (curse)
MPRegen  0.08/turn              b - ring of teleportation (curse)

@: no status effects
A: negative energy resistance 1, electricity resistance, unbreathing,
petrification resistance, rot immunity, AC +3
a: no special abilities


You were on level 2 of the Dungeon.
You were not hungry.

You visited 1 branch of the dungeon, and saw 2 of its levels.

You collected 50 gold pieces.

Inventory:

Hand Weapons
 a - a +0 mace (weapon)
Armour
 k - a +0 scale mail (worn)
   (You found it on level 2 of the Dungeon)
Jewellery
 b - a cursed ring of teleportation (right hand)
   (You found it on level 2 of the Dungeon)
 d - a cursed ring of positive energy (left hand)
   (You found it on level 1 of the Dungeon)
Scrolls
 g - a scroll of remove curse {unknown}
 i - a scroll of amnesia {unknown}
 j - a scroll of blinking {unknown}
Potions
 e - a potion of curing {unknown}
 f - 2 potions of flight {unknown}
 h - 4 potions of degeneration {unknown}
Comestibles
 c - 4 rations


   Skills:
 + Level 3.8 Fighting
 + Level 3.4 Maces & Flails
 + Level 2.8 Dodging
 + Level 3.0 Stealth


You had 2 spell levels left.
You didn't know any spells.
Your spell library was empty.

Dungeon Overview and Level Annotations

Branches:
Dungeon (2/15)

Altars:
Vehumet


Innate Abilities, Weirdness & Mutations

You are resistant to torment.
Your stone body is resilient. (AC +3)
You are immune to poison.
You resist negative energy. (rN+)
You are resistant to electric shocks. (rElec)
You can survive without breathing.
You are immune to petrification.
You are immune to rotting.


Message History

The frilled lizard bites you but does no damage. x2
A frilled lizard is nearby!
You closely miss the frilled lizard.
The frilled lizard bites you but does no damage.
You miss the frilled lizard.
The frilled lizard bites you but does no damage.
A frilled lizard is nearby!
You hit the frilled lizard.
The frilled lizard is heavily wounded.
The frilled lizard closely misses you.
A frilled lizard is nearby!
You sock the frilled lizard!
You kill the frilled lizard! 2 goblins come into view.
The goblin shouts! x2
Found a stone staircase leading down.
There are monsters nearby!
There are monsters nearby!
There are monsters nearby!
You hit the goblin.
You kill the goblin!
A kobold comes into view.
The kobold shouts!
You hit the goblin.
The goblin is moderately wounded.
The goblin barely misses you.
You hit the goblin.
You kill the goblin!
The kobold throws a stone.
The stone barely misses you.
A kobold is nearby!
Things that are here:
a goblin corpse x2
A kobold is nearby!
The kobold hits you but does no damage.
A kobold is nearby!
You sock the kobold!
You kill the kobold!
Found an escape hatch in the ceiling.
No target in view!
A hobgoblin comes into view.
The hobgoblin shouts!
The hobgoblin hits you but does no damage.
A hobgoblin is nearby!
You hit the hobgoblin.
The hobgoblin is heavily wounded.
The hobgoblin closely misses you.
A hobgoblin is nearby!
You closely miss the hobgoblin.
The hobgoblin is heavily wounded.
The hobgoblin hits you but does no damage.
A hobgoblin is nearby!
You hit the hobgoblin.
The hobgoblin is severely wounded.
The hobgoblin hits you but does no damage.
The hobgoblin misses you.
A hobgoblin is nearby!
Your scale mail prevents you from hitting the hobgoblin.
The hobgoblin is severely wounded.
The hobgoblin hits you but does no damage.
You hit the hobgoblin.
You kill the hobgoblin!
You see here a hobgoblin corpse.
An adder comes into view.
You see here a small iron ring.
The adder hisses angrily.
An adder is nearby!
An adder is nearby!
The adder bites you. The adder barely misses you.
You hit the adder.
The adder is lightly wounded.
The adder bites you.
You hit the adder but do no damage.
The adder is lightly wounded.
The adder bites you but does no damage. The adder bites you.
You hit the adder but do no damage.
The adder is lightly wounded.
The adder bites you but does no damage. x2
You miss the adder.
The adder is lightly wounded.
The adder bites you but does no damage.
You thump the adder!
The adder is severely wounded.
The adder bites you but does no damage. The adder barely misses you.
You barely miss the adder.
The adder is severely wounded.
The adder closely misses you.
You closely miss the adder.
The adder is severely wounded.
The adder closely misses you. The adder bites you.
You miss the adder.
The adder is severely wounded.
The adder bites you. x2
You hit the adder.
You kill the adder!
Your Stealth skill increases to level 3!
b - a small iron ring You feel slightly jumpy.
Oops, that ring feels deathly cold.
b - a cursed ring of teleportation (right hand) Unknown command.
Are you sure you want to abandon this character and quit the game? (Confirm with "yes".)

####################
#########.......@..........#
..........################..
########..# ..........#
.#######†## .#######.#
.........# ########.# #.#


There were no monsters in sight!

Vanquished Creatures
  An adder (D:2)
  An ooze (D:1)
  A dart slug (D:1)
  A ball python (D:1)
  A giant cockroach (D:1)
  7 goblins (D:1 D:2)
  2 hobgoblins (D:1 D:2)
  2 quokkas (D:2)
  5 bats (D:1 D:2)
  3 frilled lizards (D:1 D:2)
  2 kobolds (D:1 D:2)
  4 rats (D:1)
30 creatures vanquished.

Vanquished Creatures (others)
  A bat (D:2)
1 creature vanquished.

Grand Total: 31 creatures vanquished

Notes
Turn   | Place    | Note
-------+----------+-------------------------------------------
     0 | D:1      | Monsterracer the Gargoyle Monk began the quest for the Orb.
     0 | D:1      | Reached XP level 1. HP: 14/14 MP: 1/1
   215 | D:1      | Reached XP level 2. HP: 19/19 MP: 2/2
   626 | D:2      | Reached XP level 3. HP: 23/23 MP: 3/3
   664 | D:2      | Found a radiant altar of Vehumet.
   915 | D:2      | Quit the game

Levels and vault maps discovered:
D:1:      dpeg_arrival_renting, layout_basic
D:2:      layout_loops_ring, fiery_altar_vehumet,
          chequers_ecumenical_altar_twisty, minmay_splitting_lines,
          uniq_natasha, uniq_robin

Skill      XL: |  1  2  3 |
---------------+----------+-----
Stealth        | 3 |  3.0
Fighting       | |  3.8
Maces & Flails | |  3.4
Dodging        | |  2.8

Action                   || total
-------------------------++-------
Melee: Mace              ||    83
 Stab: Sleeping          ||     2
Armor: Robe              ||    24
       Scale mail        ||    15
Dodge: Dodged            ||    51
